Map: Amygdala

Players

SKillous

  • Race: Protoss Protoss
  • League: Grandmaster
  • Spawn Location: 1:00

BattleB - Winner!

  • Race: Terran Terran
  • League: Grandmaster
  • Spawn Location: 7:00

Event: HomeStory Cup XXVI

VOD

Have the link to the VOD?

Description

Time

  • Played on: Nov. 29, 2024, 9:05 a.m.
  • Length: 15:28

All games in this series

Show
View Real Time Build Order
Export as new Build Order

SKillous Protoss 

Build Orders: 1 Gate Expand, Phoenix Opening, Blink Stalkers 

Get SALT Encoding   

  12  0:00  Probe  
  13  0:12  Probe  
  14  0:17  Pylon  
  14  0:24  Probe  
  15  0:32  Probe  
  15  0:38  Gateway  
  15  0:40  Probe  
  16  0:46  Assimilator  
  17  0:51  Probe  
  18  1:03  Probe  
  19  1:19  Nexus  
  19  1:28  Cybernetics Core  
  19  1:30  Probe  
  20  1:36  Assimilator  
  20  1:43  Probe  
  21  1:47  Pylon  
  21  1:53  Stalker  
  21  1:55  Probe  
  22  2:03  Probe  
  22  2:05  Warp Gate  
  25  2:11  Probe  
  26  2:21  Shield Battery, Probe  
  26  2:22  Sentry  
  26  2:27  Probe  
  29  2:33  Probe  
  29  2:36  Probe  
  31  2:37  Twilight Council  
  31  2:44  Blink  
  32  2:45  Stalker, Probe  
  32  2:51  Probe  
  36  2:53  Phoenix  
  36  2:57  Probe  
  37  3:03  Gateway, Probe  
  38  3:09  Probe  
  39  3:16  Probe  
  40  3:21  Probe  
  40  3:24  Pylon  
  41  3:28  Probe  
  41  3:34  Probe  
  43  3:40  Probe  
  44  3:46  Probe  
  45  3:52  Probe  
  45  3:55  Stalker  
  48  3:58  Gateway  
  48  4:00  Stalker  
  50  4:04  Nexus  
  50  4:08  Probe x2  
  50  4:09  Pylon  
  52  4:14  Assimilator  
  51  4:18  Stalker  
  51  4:20  Probe  
  54  4:24  Gateway  
  54  4:28  Pylon, Probe  
  54  4:30  Stalker  
  57  4:32  Probe  
  58  4:40  Probe  
  58  4:42  Stalker  
  58  4:44  Probe  
  62  4:47  Charge, Forge  
  62  4:52  Probe  
  62  4:54  Stalker  
  62  4:55  Stalker  
  62  4:59  Probe  
  68  5:00  Probe  
  69  5:07  Protoss Ground Weapons Level 1  
  69  5:08  Pylon  
  69  5:11  Probe  
  70  5:16  Pylon, Probe  
  71  5:23  Probe  
  71  5:24  Stalker x2  
  71  5:25  Stalker x2  
  71  5:27  Probe  
  77  5:33  Probe  
  79  5:35  Probe  
  79  5:39  Probe  
  80  5:47  Gateway x2, Probe  
  80  5:48  Gateway  
  81  5:54  Stalker  
  81  5:56  Shield Battery  
  81  5:57  Probe  
  81  5:58  Probe  
  81  6:00  Probe  
  84  6:08  Pylon  
  84  6:10  Robotics Facility  
  85  6:12  Stalker x3  
  85  6:17  Gateway  
  90  6:24  Zealot  
  92  6:27  Pylon  
  92  6:29  Assimilator  
  92  6:34  Pylon  
  92  6:35  Stalker x3  
  98  6:44  Zealot x3  
  98  6:45  Zealot  
  98  6:46  Gateway  
  106  6:47  Probe, Pylon  
  107  6:57  Protoss Ground Weapons Level 2  
  107  7:00  Zealot x2  
  107  7:01  Zealot  
  110  7:06  Pylon  
  92  7:09  Zealot x4  
  92  7:11  Probe  
  92  7:17  Shield Battery  
  87  7:24  Probe  
  87  7:29  Stalker x3, Observer  
  84  7:30  Probe  
  84  7:34  Probe  
  84  7:36  Robotics Bay  
  86  7:38  Sentry  
  86  7:39  Probe  
  86  7:42  Zealot, Probe  
  93  7:46  Zealot, Probe  
  93  7:51  Probe  
  97  7:54  Probe  
  98  8:00  Zealot x2  
  98  8:01  Zealot x4  
  98  8:02  Sentry x2  
  114  8:11  Warp Prism  
  111  8:13  Zealot  
  111  8:15  Pylon  
  109  8:22  Zealot x5  
  109  8:36  Probe  
  109  8:39  Stalker x4  
  109  8:40  Extended Thermal Lance  
  118  8:44  Colossus  
  118  8:46  Zealot x4  
  126  8:54  Pylon  
  128  9:08  Stalker  
  128  9:09  Stalker x4  
  134  9:26  Colossus  
  134  9:28  Zealot x4  
  142  9:34  Protoss Ground Weapons Level 3  
  142  9:36  Nexus  
  148  9:39  Pylon  
  147  9:48  Zealot x2  
  143  10:00  Zealot x5  
  153  10:10  Robotics Facility  
  153  10:14  Observer  
  153  10:20  Warp Prism  
  154  10:22  Probe  
  154  10:26  Zealot x5  
  157  10:38  Zealot x3, Pylon  
  163  10:44  Forge, Probe  
  163  10:47  Disruptor  
  166  11:00  Disruptor, Nexus  
  148  11:16  Zealot x7  
  148  11:17  Zealot  
  162  11:19  Protoss Ground Armor Level 1  
  162  11:21  Probe  
  150  11:28  Sentry  
  152  11:33  Disruptor, Probe x2, Pylon  
  152  11:34  Probe  
  152  11:36  Disruptor  
  152  11:37  Probe  
  164  11:42  Zealot x3, Sentry  
  158  11:49  Zealot x4  
  158  11:53  Zealot  
  150  11:59  Disruptor  
  112  12:04  Zealot x3  
  92  12:12  Disruptor  
  92  12:13  Stalker x5  
  99  12:24  Stalker x3  
  104  12:33  Stalker  
  105  12:37  Stalker x2, Zealot x3  
  113  12:47  Zealot x3  
  119  12:52  Disruptor  
  119  12:56  Zealot  
  117  12:59  Zealot x3  
  119  13:07  Zealot x2  
  119  13:08  Zealot x2  
  119  13:14  Disruptor  
  119  13:15  Zealot  
  119  13:17  Sentry  
  121  13:26  Zealot x3  
  125  13:28  Disruptor  
  125  13:30  Zealot x4  
  111  13:45  Zealot x2  
  103  13:49  Disruptor  
  103  13:52  Zealot x3  
  103  13:53  Zealot x4  
  105  14:03  Disruptor  
  105  14:06  Zealot x2  
  109  14:11  Gateway  
  109  14:13  Gateway  
  99  14:21  Zealot x6, Sentry  
  111  14:30  Pylon  
  105  14:33  Disruptor  
  105  14:41  Zealot  
  105  14:48  Stalker x3  
  105  14:49  Zealot x5  
  117  14:59  Probe  
  112  15:03  Nexus  
  112  15:04  Pylon  
  104  15:07  Zealot x2  
  104  15:12  Zealot x7  
  110  15:14  Zealot  
  92  15:21  Zealot  
Show
View Real Time Build Order
Export as new Build Order

BattleB Terran - Winner!

Build Orders: Reaper Expand 

Get SALT Encoding   

  12  0:00  SCV  
  13  0:12  SCV  
  14  0:16  Supply Depot  
  14  0:24  SCV  
  15  0:38  SCV  
  15  0:40  Barracks  
  16  0:43  Refinery  
  16  0:50  SCV  
  17  1:02  SCV  
  18  1:14  SCV  
  19  1:27  Orbital Command, Reaper  
  20  1:38  Command Center  
  20  1:45  Supply Depot  
  20  1:52  SCV  
  21  2:00  Marine  
  22  2:03  Factory  
  22  2:05  SCV  
  23  2:15  Bunker  
  23  2:16  Refinery  
  23  2:18  SCV  
  24  2:25  Barracks Reactor  
  24  2:30  SCV  
  25  2:42  SCV  
  26  2:48  Hellion  
  26  2:50  Orbital Command, Starport  
  28  2:54  SCV  
  29  3:02  Marine x2  
  31  3:06  SCV  
  31  3:09  Widow Mine  
  31  3:12  Supply Depot  
  34  3:16  SCV  
  34  3:18  SCV  
  36  3:21  Marine x2  
  36  3:26  Medivac  
  40  3:28  SCV  
  40  3:30  SCV  
  40  3:31  Factory Tech Lab  
  42  3:39  Marine x2  
  42  3:41  SCV  
  45  3:42  SCV  
  45  3:44  Supply Depot  
  46  3:51  Siege Tank  
  46  3:53  SCV  
  46  3:55  SCV  
  51  3:58  Starport Tech Lab  
  51  3:59  Marine, Barracks  
  51  4:00  Marine  
  53  4:05  SCV  
  53  4:07  SCV  
  55  4:13  Barracks  
  55  4:14  Supply Depot  
  55  4:18  Raven, SCV  
  55  4:20  SCV  
  55  4:22  Marine  
  55  4:23  Marine  
  61  4:29  Engineering Bay  
  61  4:31  Refinery  
  61  4:33  SCV  
  61  4:36  SCV  
  61  4:38  Supply Depot  
  63  4:40  Marine  
  63  4:41  Marine  
  66  4:45  SCV  
  66  4:48  Supply Depot, SCV  
  67  4:55  Supply Depot, Terran Infantry Weapons Level 1  
  67  4:57  Marine, Stimpack  
  67  4:58  SCV  
  69  5:00  SCV  
  69  5:02  Marine x2  
  72  5:07  Refinery  
  72  5:09  Starport Reactor  
  72  5:10  Combat Shield, Marine  
  73  5:16  SCV x2  
  73  5:19  Marauder  
  78  5:28  Marauder  
  78  5:29  Marine x2, Factory Reactor  
  78  5:33  SCV x2  
  82  5:43  Marauder  
  82  5:47  Supply Depot  
  82  5:49  Supply Depot  
  86  5:50  Marauder  
  86  5:52  Medivac  
  86  5:54  Medivac  
  87  5:57  Marine x2  
  89  6:05  SCV x2  
  89  6:08  Supply Depot, Widow Mine  
  89  6:09  Widow Mine  
  89  6:10  Command Center  
  95  6:11  Marauder  
  95  6:12  Marauder  
  99  6:23  SCV x2  
  100  6:26  Marine, Barracks  
  100  6:28  Marine, Barracks  
  99  6:35  SCV x2  
  99  6:36  Medivac  
  99  6:37  Widow Mine, Medivac  
  99  6:38  Widow Mine  
  109  6:42  Supply Depot  
  109  6:47  SCV x2  
  109  6:49  Marine x2  
  109  6:50  Terran Infantry Armor Level 1  
  109  6:52  Marine x2  
  115  6:58  Supply Depot  
  115  7:06  SCV x2  
  115  7:07  Marine x2  
  108  7:08  Widow Mine, Medivac  
  108  7:09  Marine, Widow Mine  
  108  7:15  Medivac  
  111  7:18  Barracks Tech Lab, Barracks Reactor  
  111  7:21  Marauder  
  108  7:23  SCV x2  
  108  7:25  Marine  
  108  7:28  Marauder  
  108  7:29  Marine  
  106  7:35  SCV  
  106  7:36  Ghost Academy  
  107  7:39  Marine  
  107  7:40  Widow Mine x2  
  112  7:44  SCV  
  112  7:46  Marine x2  
  112  7:47  SCV, Marine  
  112  7:49  Marine  
  116  7:52  Medivac x2  
  116  7:55  Orbital Command  
  116  7:56  SCV  
  117  7:58  Marine  
  117  7:59  Marine  
  117  8:00  SCV  
  117  8:03  Concussive Shells  
  117  8:04  Marauder  
  117  8:05  Marauder  
  124  8:07  Widow Mine  
  124  8:10  Marine, Marauder  
  124  8:18  Marine x2  
  124  8:21  Widow Mine  
  124  8:24  Ghost  
  124  8:25  Marine, Ghost  
  124  8:27  Refinery x2  
  115  8:34  Marine  
  115  8:35  Marauder  
  115  8:36  Marine  
  115  8:37  Marine  
  119  8:42  SCV  
  119  8:43  Armory  
  119  8:44  Engineering Bay, Command Center  
  120  8:50  Marine  
  120  8:52  Marine  
  120  8:54  SCV x2, Marauder  
  120  8:55  Marauder  
  128  8:59  Widow Mine x2  
  128  9:00  Marine, Marauder  
  128  9:01  Marine  
  126  9:04  Medivac x2  
  133  9:11  Bunker  
  133  9:12  Marine x2  
  133  9:13  Sensor Tower  
  133  9:14  Marine  
  131  9:22  Marine x2  
  131  9:23  Marauder x2  
  135  9:24  Starport  
  135  9:29  Barracks  
  135  9:31  Barracks  
  135  9:33  Terran Infantry Armor Level 2, Terran Infantry Weapons Level 2, Barracks  
  135  9:34  Terran Ship Weapons Level 1  
  135  9:35  Marine  
  135  9:36  Marine  
  135  9:38  Viking  
  139  9:44  Viking  
  141  9:51  Marine x3, Marauder x2  
  148  9:55  Marine  
  148  9:58  Marine  
  150  10:00  Bunker  
  150  10:01  Viking x2  
  154  10:07  SCV x3  
  154  10:09  Marine, Marauder  
  154  10:13  Marine, Marauder, Personal Cloaking  
  163  10:20  SCV  
  164  10:29  Supply Depot  
  164  10:30  Supply Depot x2  
  164  10:31  Supply Depot, SCV, Viking x2  
  164  10:32  Planetary Fortress  
  169  10:37  Ghost  
  172  10:47  Viking  
  172  10:49  Missile Turret  
  172  10:50  Ghost  
  172  10:51  Refinery  
  172  10:52  Refinery, Viking  
  172  10:56  Ghost  
  170  11:04  Marine  
  170  11:06  Marauder  
  170  11:07  Viking  
  170  11:09  Viking  
  170  11:14  Command Center  
  170  11:16  Barracks Tech Lab x2  
  170  11:17  Marine  
  171  11:19  Marine  
  171  11:22  Marine  
  171  11:23  Marine, Marauder  
  171  11:24  Viking  
  170  11:27  Marine x2  
  170  11:33  Marine  
  170  11:34  Marine x2  
  173  11:41  Marine x2  
  173  11:42  Marine  
  173  11:45  Marauder x2  
  174  11:47  Viking  
  174  11:53  Marine, Viking x2  
  167  11:54  Marauder  
  149  12:04  Marine  
  149  12:05  Marauder  
  149  12:06  Barracks Reactor  
  149  12:07  Terran Infantry Armor Level 3, Marine, Terran Infantry Weapons Level 3  
  146  12:10  Marauder  
  146  12:13  Marine, Marauder  
  146  12:15  Marine  
  151  12:16  Marauder  
  151  12:19  Marine  
  151  12:22  Marine  
  155  12:25  Marine  
  155  12:27  Marauder  
  159  12:31  Marine  
  159  12:32  Marauder  
  159  12:33  Marine  
  159  12:35  Marauder  
  161  12:37  Marine, Marauder  
  161  12:40  Marine  
  161  12:43  Marine  
  164  12:46  Fusion Core, Marine  
  164  12:48  Marauder  
  164  12:50  Marine  
  162  12:51  Marine  
  162  12:53  Marine, Marauder  
  162  12:55  Marauder  
  162  12:56  Marauder  
  162  12:57  Planetary Fortress  
  162  12:58  Marine  
  162  12:59  Marauder  
  162  13:01  Marine  
  162  13:04  Marine  
  160  13:07  Marine, Medivac x2  
  160  13:09  Marine, Marauder  
  160  13:10  Marine  
  151  13:14  Marauder  
  151  13:15  Medivac  
  151  13:16  Marine  
  151  13:17  Marauder x2  
  151  13:19  Marine  
  147  13:20  Marauder  
  147  13:21  Marine  
  147  13:23  Viking  
  147  13:25  Marine  
  149  13:27  Marine  
  149  13:28  Marine  
  149  13:30  Ghost  
  149  13:34  Marine  
  146  13:36  Marine, Marauder  
  146  13:38  Marauder  
  146  13:39  Marine, Marauder  
  148  13:41  Marauder  
  148  13:43  Marine, Caduceus Reactor  
  148  13:45  Marine  
  148  13:46  Marine  
  148  13:47  Medivac x2  
  146  13:51  Marine  
  146  13:54  Marine, Medivac  
  141  13:57  Marine, Marauder  
  141  13:59  Marauder x2  
  141  14:00  Marauder  
  141  14:01  Marine  
  141  14:02  Medivac  
  143  14:03  Marine, Marauder  
  143  14:04  Marine  
  142  14:15  Marine x3  
  130  14:18  Marauder, Medivac  
  130  14:19  Marine  
  130  14:20  Marine, Ghost  
  130  14:21  Ghost, Marauder  
  130  14:22  Marine  
  130  14:23  Ghost  
  134  14:32  Marine  
  134  14:33  Marine x2  
  134  14:35  Medivac  
  134  14:37  Marine  
  138  14:40  Marauder  
  138  14:41  Marine, Barracks  
  138  14:42  Marine, Marauder  
  138  14:43  Barracks  
  144  14:48  Medivac  
  144  14:49  Marauder  
  144  14:50  Marine, Marauder  
  144  14:51  Marine  
  152  14:53  Marine, Marauder  
  152  14:54  Marine  
  152  14:59  Marine  
  154  15:00  Marine  
  154  15:01  Marauder  
  159  15:08  Marine  
  159  15:09  Marine  
  159  15:10  Marine  
Tags
 
Add a new tag
Caveats
  • Supply blocks, unpowered buildings, or Contaminate may cause inaccurate times.
  • Supply counts are checked every 10 seconds.